Cogmind - Beta 15 @@@ ROGUE MODE // 2025.10.02 @ 23:43:28 Player: skigear Result: Destroyed by D-53 Grenadier with Mini Grenade Launcher Performance ------------- Evolutions (2) 1000 Regions Visited (4) 800 Robots Destroyed (159) 795 Value Destroyed (5077) 5077 Prototype IDs (3) 60 Alien Tech Used (0) 0 Bonus (663) 663 TOTAL SCORE: 8395 Bonus ------- High Alert Combat Kills 442 Follower Combat Kills 246 Friendly Fire -25 Cogmind --------- Core Integrity 0/550 Matter 216/300 Energy 266/280 System Corruption 0% Temperature Cool (0) Movement Core (1650) Ox32 Location -8/Storage Parts ------- > --- POWER (1) -------- Heavy Ion Engine > --- PROPULSION (4) --- (None) > --- UTILITY (4) ------ Huge Storage Unit > --- WEAPON (2) ------- Ion Cannon Assault Cannon > --- INVENTORY (25) --- Heavy Ion Engine Heavy Ion Engine Heavy Ion Engine Light Treads Light Treads Armored Treads Advanced Treads Armored Wheel Armored Wheel High-capacity Storage Unit High-capacity Matter Pod (200) Improved Signal Interpreter Shield Generator System Shield High-powered Tractor Beam Drone Bay (2/2) Drone Bay (2/2) Drone Bay (2/2) Rocket Launcher Improved Datajack Heavy Mace Peak State ------------ > --- POWER ------------ Improved Deuterium Engine > --- PROPULSION ------- Light Treads Light Treads Light Treads Light Treads > --- UTILITY ---------- Advanced Heat Sink Huge Storage Unit Heavy Armor Plating > --- WEAPON ----------- Heavy Particle Cannon Assault Cannon > --- INVENTORY -------- Heavy Ion Engine Heavy Ion Engine Heavy Ion Engine Heavy Ion Engine Light Treads Light Treads Light Treads Armored Treads Armored Wheel Armored Wheel High-capacity Storage Unit High-capacity Matter Pod Improved Signal Interpreter Heavy Armor Plating Improved Light Armor Plating Shield Generator System Shield High-powered Tractor Beam Ion Cannon Assault Cannon Rocket Launcher Rocket Launcher Improved Datajack Heavy Mace [Rating: 32] Favorites ----------- Power Heavy Ion Engine Engine Heavy Ion Engine Power Core Nuclear Core Propulsion Light Treads Treads Light Treads Utility Huge Storage Unit Device Advanced Heat Sink Storage Huge Storage Unit Hackware System Shield Protection Improved Light Armor Plating Weapon Light Cannon Energy Gun Small Laser Energy Cannon Heavy Particle Cannon Ballistic Cannon Light Cannon Launcher Mini Grenade Launcher Impact Weapon Heavy Mace Special Melee Weapon Improved Datajack Build | -11 -10 -9 -8 -8 ------- Run | Yrd Mat Mat Mat Sto Slots Evolved 4 | . . 2 2 . Power . | . . . . . Propulsion 2 | . . 1 1 . Utility 2 | . . 1 1 . Weapon . | . . . . . Parts Attached 81 | 6 10 21 29 15 Power 9 | 1 1 3 3 1 Engine 8 | 1 1 3 2 1 Core 1 | . . . 1 . Reactor . | . . . . . Propulsion 28 | 2 3 4 10 9 Treads 28 | 2 3 4 10 9 Leg . | . . . . . Wheel . | . . . . . Hover . | . . . . . Flight . | . . . . . Utility 24 | 1 5 7 9 2 Device 10 | . 1 5 4 . Storage 4 | 1 3 . . . Processor . | . . . . . Hackware 1 | . . . 1 . Protection 9 | . 1 2 4 2 Artifact . | . . . . . Weapon 20 | 2 1 7 7 3 Energy Gun 2 | 2 . . . . Energy Cannon 5 | . . 2 2 1 Ballistic Gun . | . . . . . Ballistic Cannon 7 | . 1 3 2 1 Launcher 4 | . . 1 2 1 Special Weapon . | . . . . . Impact Weapon 1 | . . 1 . . Slashing Weapon . | . . . . . Piercing Weapon . | . . . . . Special Melee Weapon 1 | . . . 1 . Unidentified Prototypes 3 | . . 2 1 . Parts Lost 25 | . 1 3 7 14 Power 2 | . 1 . . 1 Propulsion 10 | . . 1 3 6 Utility 8 | . . 1 3 4 Weapon 5 | . . 1 1 3 Highest Loss Streak 10 | . 1 2 2 10 To Critical Strikes . | . . . . . Average Backups 22 | 3 16 22 24 23 Power 4 | . 3 4 4 3 Propulsion 6 | 2 5 6 7 6 Utility 6 | . 5 6 5 8 Weapon 4 | . 2 4 5 4 Tool/Special . | . . . . . Unused Backups 44 | . 8 14 7 15 Power 15 | . 3 7 1 4 Propulsion 10 | . 2 1 1 6 Utility 14 | . 2 5 2 5 Weapon 5 | . 1 1 3 . Tool/Special . | . . . . . Average Slot Usage (%) 97 | . 98 99 97 92 Engine 9 | . 13 11 7 9 Treads 33 | . 28 32 35 35 Device 10 | . 1 10 14 12 Storage 12 | . 23 13 9 9 Protection 7 | . . 9 10 8 Energy Gun 2 | . 14 . . . Energy Cannon 7 | . . 9 8 8 Ballistic Cannon 10 | . 13 11 8 8 Peak Build Rating 32 | 6 9 22 31 32 Average Rating 21 | 4 8 19 26 30 On Entrance 13 | . 6 9 20 31 Naked Turns . | . . . . . Heaviest Build 117 | 10 53 100 112 117 Greatest Support 83 | 40 40 60 83 83 Greatest Overweight (x) 1 | 1 1 1 1 1 Average Overweight (x) . | . . . 1 1 Largest Inventory Capacity 25 | 8 25 25 25 25 Average Capacity 23 | 6 19 23 25 25 Most Carried 25 | 6 21 25 25 25 Average Carried 22 | 4 16 22 24 24 Final Capacity 25 | 8 20 25 25 25 Final Carried 25 | 6 20 25 25 21 Class Distribution -------------------- 48% | Scavenger-Mutant 45% | Mutant 5% | Commander-Mutant Dominant Class ---------------- Mutant | -10/Materials Mutant | -9/Materials Scavenger-Mutant | -8/Materials Scavenger-Mutant | -8/Storage Resources | -11 -10 -9 -8 -8 ----------- Run | Yrd Mat Mat Mat Sto Matter Collected 3275 | 231 529 742 1026 747 Remotely 243 | . . . 243 . Salvage Created 5514 | . 534 1580 1744 1656 Parts 336 | . 40 99 108 89 Haulers Intercepted 13 | . 2 4 6 1 Recyclers Shooed 2 | . . . 2 . Parts Field Recycled . | . . . . . Retrieved Matter . | . . . . . Parts Self-Destructed . | . . . . . Prevented . | . . . . . Kills | -11 -10 -9 -8 -8 ------- Run | Yrd Mat Mat Mat Sto Combat Hostiles Destroyed 125 | . 16 35 33 41 Guns 6 | . 6 . . . Cannons 102 | . 10 30 28 34 AOE 14 | . . 4 5 5 Classes Destroyed 15 | . 3 3 4 5 Worker 2 | . . . . 2 Builder 1 | . . . . 1 Hauler 13 | . 2 4 6 1 Recycler 5 | . . 2 2 1 Mechanic 1 | . . . . 1 Operator 1 | . . . 1 . Watcher 11 | . . 5 5 1 Swarmer 24 | . 6 8 5 5 Grunt 59 | . 10 17 13 19 Brawler 3 | . . . 1 2 Duelist 2 | . . . . 2 Protector 2 | . . . . 2 Sentry 30 | . . 10 10 10 Specialist 2 | . . . 2 . Hunter 3 | . . . 2 1 Best Kill Streak 8 | . 3 5 8 6 Combat Bots Only 6 | . 3 4 6 4 Max Kills in Single Turn 4 | . 2 4 3 3 Gunslinging . | . . . . . Exploded 4 | . . 4 3 3 Melee . | . . . . . Uniques/NPCs Destroyed . | . . . . . Combat | -11 -10 -9 -8 -8 -------- Run | Yrd Mat Mat Mat Sto Hostile Shots Fired 689 | . 61 146 227 255 Missed 183 | . 11 34 74 64 Hits 506 | . 50 112 153 191 Melee 5 | . . . 2 3 Projectile 501 | . 50 112 151 188 AOE 18 | . . . 2 16 Critical Strikes 15 | . . 4 1 10 Damage Taken 7025 | . 489 1352 2170 3014 Core 756 | . 52 154 279 271 Absorbed by Shields 521 | . . . 266 255 Regen/Repaired (Parts) 203 | . . 90 113 . Core Remaining (%) 80 | 100 79 61 . . Volleys Fired 411 | . 62 95 134 120 Largest 2 | . 2 2 2 2 Hottest 112 | . 80 101 112 112 Shots Fired 788 | . 125 170 260 233 Gun 64 | . 64 . . . Cannon 715 | . 61 169 258 227 Launcher 9 | . . 1 2 6 Special . | . . . . . Kinetic 396 | . 61 95 126 114 Thermal 383 | . 64 74 132 113 Explosive 9 | . . 1 2 6 Electromagnetic . | . . . . . Robot Hit Streak 15 | . 10 7 11 15 Robot Miss Streak 9 | . 9 4 3 4 Penetration Max . | . . . . . Secondary Targets . | . . . . . Shots Hit Robots 464 | . 63 90 158 153 Core Hits 218 | . 27 49 65 77 Critical Kills 3 | . . 1 . 2 Critical Parts Destroyed . | . . . . . Critical Strikes 15 | . 4 4 2 5 Meltdown 3 | . . 1 . 2 Blast 12 | . 4 3 2 3 Melee Attacks 15 | . . 2 2 11 Impact 13 | . . 2 . 11 Slashing . | . . . . . Piercing . | . . . . . Sneak Attacks 2 | . . . 2 . Combat Hostiles . | . . . . . Follow-up Attacks . | . . . . . Damage Inflicted 12280 | . 1002 2184 4133 4961 Guns 385 | . 385 . . . Cannons 10167 | . 617 1950 3726 3874 Explosions 1689 | . . 234 398 1057 Melee . | . . . . . Ramming 39 | . . . 9 30 Kinetic 4790 | . 617 863 1564 1746 Thermal 5929 | . 385 1087 2329 2128 Explosive 1522 | . . 234 231 1057 Electromagnetic . | . . . . . Impact . | . . . . . Slashing . | . . . . . Piercing . | . . . . . Highest Corruption 3 | . 3 . . . Average Corruption 2 | . 2 . . . Corruption Purged . | . . . . . Corruption Blocked . | . . . . . Effects 4 | . 4 . . . Message Errors 2 | . 2 . . . Matter Fused 1 | . 1 . . . Misfires 1 | . 1 . . . Overload Shots . | . . . . . Overflow Damage 216 | . . 26 134 56 Projectiles 135 | . . 16 70 49 Explosions 81 | . . 10 64 7 Melee . | . . . . . Knockbacks 49 | . 12 6 15 16 Impact . | . . . . . Kinetic 45 | . 10 6 13 16 Secondary 4 | . 2 . 2 . Self-Inflicted Damage 6 | . . . 6 . Shots 1 | . . . 1 . Rammed 2 | . . . 1 1 Targets Rammed 3 | . . . 1 2 Kicked . | . . . . . Crushed 1 | . . . . 1 Highest Temperature 351 | . 196 324 206 351 Average Temperature 46 | . 33 61 33 60 Received Heat Transfer 2672 | . 162 585 684 1241 Effects 2 | . . 2 . . Interference 2 | . . 2 . . Siege Activations . | . . . . . Martial Activations . | . . . . . Shielding Activations . | . . . . . Robots Disrupted . | . . . . . Combat Hostiles . | . . . . . Robots Corrupted . | . . . . . Combat Hostiles . | . . . . . Parts Fried . | . . . . . Impact Corruptions . | . . . . . Robots Melted 3 | . . 1 . 2 Combat Hostiles 3 | . . 1 . 2 Parts Melted 13 | . . 3 1 9 Heat Transferred 9248 | . 850 1887 3393 3118 Parts Sabotaged . | . . . . . Parts Stolen . | . . . . . Parts Stripped . | . . . . . Power Chain Reactions . | . . . . . Alert | -11 -10 -9 -8 -8 ------- Run | Yrd Mat Mat Mat Sto Maximum Alert Level 3 | . . 2 2 3 Low Security (%) 43 | 100 100 57 23 . Level 1 28 | . . 22 55 15 Level 2 24 | . . 19 20 64 Level 3 3 | . . . . 19 Level 4 . | . . . . . Level 5 . | . . . . . High Security . | . . . . . Max Security . | . . . . . Peak Influence 965 | . 74 584 539 965 Initial 240 | . . 29 240 221 Average 279 | . 21 219 318 561 Influence Increases 4457 | . 424 1180 1248 1605 Destroy 0b10 Robot/C 2620 | . 320 700 660 940 Destroy 0b10 Robot/NC 185 | . 10 55 70 50 Destroy Leader 748 | . 64 198 222 264 Allied During Kill 167 | . . . . 167 Successful Hack 91 | . 14 23 47 7 Disable Machine 165 | . 15 30 75 45 Destroy Structure 181 | . 1 24 84 72 Partial Spotted 45 | . . . 45 . Lose Combat Pursuer 255 | . . 150 45 60 Influence Decreases 3639 | . 352 682 1292 1313 Entered New Map 678 | . . 43 330 305 Time Decay 2336 | . 352 609 747 628 Lost Part 235 | . . 30 65 140 Lost Ally 240 | . . . . 240 Purge Threat 150 | . . . 150 . Squads Dispatched 27 | . 2 3 8 14 Investigation 11 | . 1 2 6 2 Extermination . | . . . . . Reinforcement 6 | . 1 1 1 3 Assault 3 | . . . . 3 Garrison 7 | . . . 1 6 Intercept . | . . . . . Searches Triggered . | . . . . . Construction Impeded 1 | . . . . 1 Haulers Reinforced . | . . . . . Active Scanning Responses . | . . . . . Cargo Convoy Interrupts . | . . . . . Stealth | -11 -10 -9 -8 -8 --------- Run | Yrd Mat Mat Mat Sto Distress Signals 12 | . 3 1 4 4 Communications Jammed . | . . . . . Distress Signals . | . . . . . Times Spotted 199 | . 35 46 58 60 Peak Tracking Total 7 | . 5 4 6 7 Tactical Retreats 14 | . . 8 3 3 Traps | -11 -10 -9 -8 -8 ------- Run | Yrd Mat Mat Mat Sto Traps Triggered 7 | . 3 1 3 . Indirectly . | . . . . . Trap Hack Attempts . | . . . . . Triggered . | . . . . . Disarmed . | . . . . . Reprogrammed . | . . . . . Reused . | . . . . . Traps Extracted . | . . . . . Installed . | . . . . . Triggered . | . . . . . Machines | -11 -10 -9 -8 -8 ---------- Run | Yrd Mat Mat Mat Sto Machines Disabled 11 | . 1 2 5 3 Max in Single Turn 2 | . 1 1 2 1 Garrison Access 1 | . . . . 1 Machines Repaired . | . . . . . Machines Dismantled . | . . . . . Machines Sabotaged . | . . . . . Overloaded Fab Kills . | . . . . . Hacking | -11 -10 -9 -8 -8 --------- Run | Yrd Mat Mat Mat Sto Machines Accessed 45 | . 4 15 13 13 Terminals 35 | . 4 11 10 10 Fabricators . | . . . . . Repair Stations 2 | . . 1 1 . Recycling Units 6 | . . 2 2 2 Scanalyzers 1 | . . 1 . . Garrison Access 1 | . . . . 1 Total Hacks 126 | . 13 42 43 28 Successful 49 | . 4 16 21 8 Failed 76 | . 9 26 21 20 Catastrophic 23 | . 3 7 7 6 Database Lockouts 1 | . . . 1 . Manual 56 | . 9 25 14 8 Terminals 97 | . 13 27 34 23 Fabricators . | . . . . . Repair Stations 6 | . . 2 4 . Recycling Units 20 | . . 11 5 4 Scanalyzers 2 | . . 2 . . Garrison Access 1 | . . . . 1 Terminal Hacks 29 | . 4 5 14 6 Record 7 | . 1 2 3 1 Part Schematic 5 | . 2 1 1 1 Robot Analysis 5 | . 1 2 2 . Open Door 2 | . . . . 2 Branch Access Points 3 | . . . 2 1 Emergency Access Points 1 | . . . 1 . Alert Level 3 | . . . 2 1 Unreport Threat 1 | . . . 1 . Locate Traps 1 | . . . 1 . Hauler Manifests 1 | . . . 1 . Fabricator Hacks . | . . . . . Repair Station Hacks 5 | . . 2 3 . Scan Component 3 | . . 1 2 . Repair 2 | . . 1 1 . Recycling Unit Hacks 6 | . . 4 2 . Process 1 | . . 1 . . Report Inventory 1 | . . 1 . . Retrieve Components 4 | . . 2 2 . Scanalyzer 2 | . . 2 . . Insert Component 1 | . . 1 . . Analyze 1 | . . 1 . . Garrison Access Hacks 1 | . . . . 1 Seal Access 1 | . . . . 1 Unauthorized Hacks 6 | . . 3 2 1 Terminals . | . . . . . Fabricators . | . . . . . Repair Stations . | . . . . . Recycling Units 6 | . . 3 2 1 Reject 5 | . . 2 2 1 Mask 1 | . . 1 . . Scanalyzers . | . . . . . Garrison Access . | . . . . . Data Cores Recovered 1 | . . . 1 . Used . | . . . . . Hacking Detections 43 | . 4 14 13 12 Full Trace Events 10 | . . 2 5 3 Feedback Events . | . . . . . Feedback Blocked . | . . . . . Robot Schematics Acquired . | . . . . . Robots Built . | . . . . . Authchips . | . . . . . Time . | . . . . . Total Robot Build Rating . | . . . . . Part Schematics Acquired 6 | . 2 2 1 1 Parts Built . | . . . . . Authchips . | . . . . . Time . | . . . . . Total Part Build Rating . | . . . . . Parts Repaired 2 | . . 1 1 . Time 64 | . . 26 38 . Parts Recycled . | . . . . . Recycled Matter . | . . . . . Retrieved Matter . | . . . . . Retrieved Components 38 | . . 19 19 . Parts Scanalyzed 1 | . . 1 . . Part Schematics Acquired 1 | . . 1 . . Parts Damaged . | . . . . . Bothacking | -11 -10 -9 -8 -8 ------------ Run | Yrd Mat Mat Mat Sto Used RIF Installer . | . . . . . Robots Hacked 2 | . . . 2 . Non-combat 2 | . . . 2 . Combat . | . . . . . Robot Hacks Applied 2 | . . . 2 . parse_system 1 | . . . 1 . find_recycling 1 | . . . 1 . Relay Couplers Released . | . . . . . Fabnet Peak Effective % . | . . . . . Robots Rewired . | . . . . . Allies Hacked . | . . . . . Hacks Repelled . | . . . . . Allies | -11 -10 -9 -8 -8 -------- Run | Yrd Mat Mat Mat Sto Total Allies 12 | . . . . 12 Largest Group 10 | . . . . 10 Highest-Rated Group 173 | . . . . 173 Highest-Rated Ally 31 | . . . . 31 Total Orders . | . . . . . Ally Attacks 96 | . . . . 96 Total Damage 1288 | . . . . 1288 Kills 8 | . . . . 8 Allies Corrupted . | . . . . . Allies Melted . | . . . . . Intel | -11 -10 -9 -8 -8 ------- Run | Yrd Mat Mat Mat Sto Active Infowar (turns) 753 | . 260 493 . . Sensors 303 | . . 303 . . Structural 260 | . 260 . . . ECM 190 | . . 190 . . Robot Analysis Total 5 | . 1 2 2 . Derelict Logs Recovered . | . . . . . Drone Launches . | . . . . . Drone Recoveries . | . . . . . Exploration | -11 -10 -9 -8 -8 ------------- Run | Yrd Mat Mat Mat Sto Turns Passed 11849 | 71 2057 3619 3928 2174 Spaces Moved 4207 | 51 738 1390 1332 696 Core 25 | 25 . . . . Treads 4182 | 26 738 1390 1332 696 Legs . | . . . . . Wheels . | . . . . . Hover . | . . . . . Flight . | . . . . . Fastest Speed 50 | 50 160 160 240 240 Average Speed 228 | 109 237 211 240 240 Slowest Speed 240 | 160 240 240 240 240 Overloaded Moves . | . . . . . Propulsion Burnouts . | . . . . . Robots Hopped . | . . . . . Potential Cave-ins . | . . . . . Cave-ins Triggered . | . . . . . Exploration Rate (%) 77 | 4 98 99 93 91 Regions Visited 4 Branch Regions 1 Pre-discovered Areas . | . . . . . Known Exits Taken 1 | . . . 1 . Unknown Exits Taken 3 | 1 1 1 . . Scrap Searched . | . . . . . Spaces Dug 8 | . . 2 3 3 Terrain Destroyed 170 | . . 10 86 74 Melee 2 | . . 2 . . Projectile 69 | . . . 33 36 AOE 99 | . . 8 53 38 Terrain Rammed . | . . . . . Walls Destroyed . | . . . . . Machines Disabled . | . . . . . Actions | -11 -10 -9 -8 -8 --------- Run | Yrd Mat Mat Mat Sto Total 5659 | 65 926 1911 1809 948 Wait 707 | . 56 332 243 76 Move 4203 | 50 737 1389 1331 696 Hop . | . . . . . Pick Up 110 | 9 43 31 21 6 Fast Attach 16 | 3 2 4 6 1 Attach 32 | 3 3 6 12 8 Detach 2 | . . . 1 1 Swap 74 | . 6 21 30 17 Drop 86 | . 17 31 28 10 Fire 411 | . 62 95 134 120 Melee 15 | . . 2 2 11 Ram . | . . . . . Kick . | . . . . . Crush 3 | . . . 1 2 Escape Stasis . | . . . . . Rewire . | . . . . . Trap . | . . . . . Miscellaneous . | . . . . . Route ------- -11/Scrapyard -10/Materials (discovered 5 exits: *Mat x3 / [*Min] / [*Sub]) -9/Materials (discovered 4 exits: *Mat x3 / [*Min]) -8/Materials (discovered 3 exits: [*Fac x2] / *Sto) -8/Storage (discovered 2 exits: [*Fac] / Rec) History --------- Turn | Location | Event 6 | -11/Scrapyard | Discovered new exit (range 16) 72 | -11/Scrapyard | Entered Materials 301 | -10/Materials | Build established: Mutant 755 | -10/Materials | Discovered new exit (range 9) 1010 | -10/Materials | Discovered new exit (range 16) 1300 | -10/Materials | Discovered new exit (range 8) 1606 | -10/Materials | Discovered new exit (range 9) 2036 | -10/Materials | Discovered new exit (range 12) 2129 | -10/Materials | Entered another Materials area 2129 | -9/Materials | Evolved 2 slots: Propulsion x1, Utility x1 2198 | -9/Materials | Repaired Lgt. Cannon 2368 | -9/Materials | Discovered new exit (range 7) 3411 | -9/Materials | Discovered new exit (range 3) 4444 | -9/Materials | Discovered new exit (range 4) 5002 | -9/Materials | Discovered new exit (range 5) 5175 | -9/Materials | Build established: Scavenger-Mutant 5748 | -9/Materials | Entered another Materials area 5748 | -8/Materials | Evolved 2 slots: Propulsion x1, Utility x1 6469 | -8/Materials | Central database locked down 6531 | -8/Materials | Identified exit to Storage 6699 | -8/Materials | Garrison activated, responded to threat 7349 | -8/Materials | Repaired Hvy. Particle Cannon 7694 | -8/Materials | Discovered new exit (range 16) 8599 | -8/Materials | Build established: Mutant 8868 | -8/Materials | Discovered new exit (range 12) 9013 | -8/Materials | Build established: Scavenger-Mutant 9378 | -8/Materials | Core integrity fell below 50% 9676 | -8/Materials | Entered Storage 9946 | -8/Storage | Met a pair of Derelict thieves 10010 | -8/Storage | Garrison activated, responded to threat 10715 | -8/Storage | Identified exit to Recycling 10752 | -8/Storage | Garrison activated, responded to threat 10995 | -8/Storage | Discovered new exit (range 15) 11076 | -8/Storage | Assisted by bots powering up and referring to "LRC-V3" 11363 | -8/Storage | Build established: Commander-Mutant 11676 | -8/Storage | First assault squad dispatched 11770 | -8/Storage | Lost 9 allies 11817 | -8/Storage | Core integrity fell below 20% 11850 | -8/Storage | Destroyed by D-53 Grenadier with Mini Grenade Launcher Last Messages --------------- 11829_ K-01 Serf collects debris. 11831_ M-28 Smith repairs I-25 Savior. 11832_ Door Terminal disabled. 11834_ K-01 Serf collects debris. 11835_ The unstable cave ceiling collapses. 11838_ M-28 Smith repairs D-53 Grenadier. 11839_ K-01 Serf collects debris. 11840_ G-50 Soldier destroyed. 11840_ M-28 Smith destroyed. 11840_ Destroyed Com. Wheel. 11840_ K-01 Serf destroyed. 11842_ The unstable cave ceiling collapses. 11842_ Lgt. Treads destroyed. 11843_ Imp. Light Armor Plating destroyed. 11843_ G-47 Trooper destroyed. 11843_ I-25 Savior destroyed. 11844_ Lgt. Treads destroyed. 11846_ The unstable cave ceiling collapses. 11847_ Assault Cannon destroyed. 11848_ Rocket Launcher destroyed. Map ----- +----------------------------------------------------+ | #????????????????????? | | ####### #????????????????????? | | ???# #####????????????????????? | | ""???# #????????????????????????? | | """??# #????????????????????????? | | """??# #?????????####?####??????? | | ?# #?????????# "====#??????? | | """ ## ########### #??????? | | """ + % % + "====#??????? | | """ # [ ##T#??###??????? | | #+####+#### ####???????????? | | """?#%[ ? ########???????? | | """?#= """ ## # ! ??????? | | ""??# """ ## """ ??????? | | ??# * "" ## """ ##????? | | ? ???# % % ## [% "" """???? | | ?????# =""" #%=# R"#??? | | #????#[%""" ## #% "" """???? | | #????# %""" ##= # """ ###???? | | #????# ? ##[=# """ #?????? | | #????#"##?###### ??????? | | ###?############ # ##???????? | | #?# # ###??????? | | #?# / ! d "??????? | | #?# %+ [% % "?>????? | | + + """ % =*= d @"??????? | | ### """ # "??????? | | ## """ # ?????? | | ##### ## #????? | | ????# ###### ## ##????? | | ????####"T"####????#??######?????? | | ???????#"""#?????????????????????? | | ???????####??????????????????????? | | | | | | | | | | | | | | | | | | | | | | | | | | | | | | | | | | | +----------------------------------------------------+ Best States ------------- Heat Dissipation 50 Energy Generation 16 Energy Capacity 290 Matter Stores 499 Matter Capacity 500 Sight Range 16 Robot Scan Range 14 Terrain Scan Density 10 ECM Strength 1 Armor Coverage 600 Utility Shielding 33 Evasion (%) 50 Recoil Reduction 4 Defensive Hacking 10 Authchip Count 1 Item Schematics ----------------- Huge Storage Unit | -10/Materials | Hacked Cargo Storage Unit | -10/Materials | Hacked Arm. Wheel | -9/Materials | Hacked Wheel | -9/Materials | Scanalyzed Arm. Treads | -8/Materials | Hacked Hpw. Tractor Beam | -8/Storage | Hacked Robot Schematics ------------------ None Fabricated ------------ Nothing Repaired ---------- Lgt. Cannon | 25% | -9/Materials Hvy. Particle Cannon | 13% | -8/Materials Alien Tech Used ----------------- None Achievements -------------- None Challenges ------------ None Game ------ Seed AdvancedSpreadMaul Manual? 0 Play Time 01:26:52 Cumulative 44.8 hours Start 2025.10.02 @ 22:14:26 End 2025.10.02 @ 23:43:28 Sessions 1 Manual Loads 0 Difficulty Rogue Special Mode None Game No. 29 Rogue 29 Adventurer 0 Explorer 0 Win Type - Total 0 Types 0/0/0/0/0/0/0/0/0/0 Lore% 20 Gallery% 31 Achievement% 35 Wizard Run 0 Options --------- Layout 1 ASCII 0 Keyboard 0 Movement Mouse Keybinds 0 Fullscreen 1 Font 32/SmallcapsGlow Map View 50x40 Zoom Use 0% Tactical HUD 1 Map Filters NONE Filters NONE Steam 1 RUN: 79d225a0-20de-4d6c-ac90-956d1b351f50